 Dungeon Crawl Stone Soup version 0.28-a0-803-g74956062c1 (webtiles) character file.

Game seed: 8459736618418591305

142 Gargoyl the Skirmisher (level 5, -1/47 HPs)
             Began as a Gnoll Abyssal Knight on Nov 7, 2021.
             Was a Believer of Lugonu.
             Slain by a phantom (7 damage)
             ... on level 3 of the Dungeon.
             The game lasted 00:03:18 (2032 turns).

Gargoyl the Skirmisher (Gnoll Abyssal Knight)       Turns: 2032, Time: 00:03:19

Health: -1/47      AC:  7    Str: 13    XL:     5   Next: 24%
Magic:  17/17      EV:  7    Int:  9    God:    Lugonu [**....]
Gold:   129        SH:  0    Dex: 13    Spells: 6/6 levels left

rFire   . . .      SeeInvis .   a - +1 hand axe (flame)
rCold   . . .      Faith    .   b - +0 kite shield
rNeg    . . .      Spirit   .   e - +0 scale mail
rPois   .          Reflect  .   (no helmet)
rElec   .          Harm     .   (no cloak)
rCorr   .          Rampage  .   (no gloves)
Will    .....                   (no boots)
Stlth   ..........              (no amulet)
HPRegen 0.15/turn               d - ring of magical power
MPRegen 0.15/turn               (no ring)

@: confused, ambrosia-drunk, hasted, very quick
A: fangs 1, strong nose, distributed training
a: Renounce Religion, Depart the Abyss, Bend Space


You were on level 3 of the Dungeon.
You worshipped Lugonu.
Lugonu was pleased with you.
You visited 1 branch of the dungeon, and saw 3 of its levels.
You visited the Abyss 1 time.

You collected 129 gold pieces.

Inventory:

Hand Weapons
 a - a +1 hand axe of flaming (weapon)
 k - a +0 executioner's axe of holy wrath
Missiles
 o - 11 poisoned darts (quivered)
Armour
 b - a +0 kite shield (worn)
 e - a +0 scale mail (worn)
Jewellery
 d - a ring of magical power (left hand)
Scrolls
 c - 2 scrolls of brand weapon
 g - 2 scrolls of identify
 l - a scroll of fear
Potions
 f - a potion of invisibility
 h - a potion of heal wounds {unknown}
 i - a potion of haste
 m - a potion of degeneration {unknown}
 n - a potion of brilliance {unknown}


   Skills:
 + Level 6.7 Fighting
 + Level 1.4 Short Blades
 + Level 1.4 Long Blades
 + Level 4.7 Axes
 + Level 1.4 Maces & Flails
 + Level 1.4 Polearms
 + Level 1.4 Staves
 + Level 1.4 Slings
 + Level 1.4 Bows
 + Level 1.4 Crossbows
 + Level 1.4 Throwing
 + Level 4.7 Armour
 + Level 2.9 Dodging
 + Level 1.4 Stealth
 + Level 1.4 Shields
 + Level 1.4 Unarmed Combat
 + Level 1.4 Spellcasting
 + Level 1.1 Conjurations
 + Level 1.1 Hexes
 + Level 1.1 Summonings
 + Level 1.1 Necromancy
 + Level 1.1 Translocations
 + Level 1.1 Transmutations
 + Level 1.1 Fire Magic
 + Level 1.1 Ice Magic
 + Level 1.1 Air Magic
 + Level 1.1 Earth Magic
 + Level 1.1 Poison Magic
 + Level 4.8 Invocations
 + Level 1.4 Evocations


You had 6 spell levels left.
You didn't know any spells.
Your spell library contained the following spells:

 Spells                   Type           Power      Damage    Failure   Level
 Ensorcelled Hibernation  Hex/Ice        4%         N/A       100%        2
 Tukima's Dance           Hex            2%         N/A       100%        3


Dungeon Overview and Level Annotations

Branches:
Dungeon (3/15)

Altars:


Innate Abilities, Weirdness & Mutations

You have very sharp teeth.
Your uncanny sense of smell can sniff out nearby items.
Your experience applies equally to all skills.


Message History

The phantom hits you but does no damage.
The dart slug launches a dart at you.
The slug dart hits you but does no damage.
You miss the phantom. Your bite misses the phantom.
The phantom is severely damaged.
The phantom barely misses you. The dart slug launches a dart at you.
The slug dart hits you but does no damage.
The phantom hits you.
You closely miss the phantom.
The phantom is severely damaged.
The phantom barely misses you. The dart slug launches a dart at you.
The slug dart hits you.
You barely miss the phantom. Your bite misses the phantom.
The phantom is severely damaged.
You block the phantom's attack. The dart slug launches a dart at you.
The slug dart hits you.
You hit the phantom but do no damage.
The phantom is severely damaged.
The phantom closely misses you. The phantom hits you.
* * * LOW HITPOINT WARNING * * *
You hit the phantom. You burn the phantom.
The phantom is almost destroyed.
The phantom hits you.
* * * LOW HITPOINT WARNING * * *
The phantom blinks!
You blink.
Your scale mail prevents you from hitting the phantom.
You bite the phantom.
The phantom is almost destroyed.
The phantom hits you.
* * * LOW HITPOINT WARNING * * *
The phantom blinks!
You blink.
It was a potion of haste.
You feel yourself speed up.
The phantom hits you but does no damage.
It was a potion of ambrosia.
You are confused.
You feel invigorated. The phantom hits you!
You die...

#.. .. ..........##
.....##.............##
#.#...............#
...........ยง....#
#...............#
#...............#
................#
.#.............#.#
.......@#........#
..###..W...#####.#
#...##### .# ....#
#.###. # .. .. ...


You could see a phantom.

Vanquished Creatures
  An orc priest (D:2)
  2 adders (D:2)
  A worm (D:2)
  4 dart slugs
  2 orcs
  6 endoplasms
  2 giant cockroaches (D:1)
  9 goblins
  9 hobgoblins
  11 kobolds
  2 quokkas (D:2)
  6 ball pythons
  8 bats
  8 frilled lizards
  4 rats (D:1)
75 creatures vanquished.

Vanquished Creatures (others)
  2 orcs (D:2)
  A ball python (D:2)
  A rat (D:2)
4 creatures vanquished.

Grand Total: 79 creatures vanquished

Notes
Turn   | Place    | Note
-------+----------+-------------------------------------------
     0 | Abyss:1  | Gargoyl the Gnoll Abyssal Knight began the quest for the
                  | Orb.
     0 | Abyss:1  | Reached XP level 1. HP: 23/23 MP: 3/3
    19 | Abyss:1  | Found a hazy altar of Hepliaklqana.
    34 | Abyss:1  | Found a hazy altar of Hepliaklqana.
    48 | Abyss:1  | Noticed a basilisk
    65 | Abyss:1  | Noticed a small abomination
    68 | D:1      | Escaped the Abyss
   212 | D:1      | Reached XP level 2. HP: 25/29 MP: 5/5
   220 | D:1      | Reached * piety under Lugonu
   481 | D:1      | Reached XP level 3. HP: 30/35 MP: 6/6
   934 | D:2      | Reached ** piety under Lugonu
   935 | D:2      | Reached skill level 1 in Short Blades
   935 | D:2      | Reached skill level 1 in Long Blades
   935 | D:2      | Reached skill level 1 in Maces & Flails
   935 | D:2      | Reached skill level 1 in Polearms
   935 | D:2      | Reached skill level 1 in Staves
   935 | D:2      | Reached skill level 1 in Slings
   935 | D:2      | Reached skill level 1 in Bows
   935 | D:2      | Reached skill level 1 in Crossbows
   935 | D:2      | Reached skill level 1 in Throwing
   935 | D:2      | Reached skill level 1 in Stealth
   935 | D:2      | Reached skill level 1 in Shields
   935 | D:2      | Reached skill level 1 in Unarmed Combat
   935 | D:2      | Reached skill level 1 in Spellcasting
   935 | D:2      | Reached skill level 1 in Evocations
   938 | D:2      | Found a faded altar of an unknown god.
   950 | D:2      | Reached XP level 4. HP: 33/41 MP: 7/7
  1044 | D:2      | Identified a scroll of acquirement
  1044 | D:2      | Acquired a +0 executioner's axe of holy wrath
  1291 | D:2      | Reached skill level 1 in Conjurations
  1291 | D:2      | Reached skill level 1 in Hexes
  1291 | D:2      | Reached skill level 1 in Summonings
  1291 | D:2      | Reached skill level 1 in Necromancy
  1291 | D:2      | Reached skill level 1 in Translocations
  1291 | D:2      | Reached skill level 1 in Transmutations
  1291 | D:2      | Reached skill level 1 in Fire Magic
  1291 | D:2      | Reached skill level 1 in Ice Magic
  1291 | D:2      | Reached skill level 1 in Air Magic
  1291 | D:2      | Reached skill level 1 in Earth Magic
  1291 | D:2      | Reached skill level 1 in Poison Magic
  1548 | D:2      | Reached XP level 5. HP: 44/47 MP: 8/8
  2001 | D:3      | Noticed a phantom
  2030 | D:3      | HP: 2/47 [phantom (6)]
  2032 | D:3      | Slain by a phantom

Illustrated notes

Levels and vault maps discovered:
D:1:      beargit_arrival_diablo_church, layout_rooms, minmay_octomino_j4
D:2:      minmay_alternating_diamond, layout_rooms,
          ebering_ecumenical_altar_ruins, minmay_goblin_outpost
D:3:      layout_rooms, portal_sewer_entry_b

Skill      XL: |  1  2  3  4 |
---------------+-------------+-----
Short Blades   | 1 |  1.4
Long Blades    | 1 |  1.4
Maces & Flails | 1 |  1.4
Polearms       | 1 |  1.4
Staves         | 1 |  1.4
Slings         | 1 |  1.4
Bows           | 1 |  1.4
Crossbows      | 1 |  1.4
Throwing       | 1 |  1.4
Stealth        | 1 |  1.4
Shields        | 1 |  1.4
Unarmed Combat | 1 |  1.4
Spellcasting   | 1 |  1.4
Evocations     | 1 |  1.4
Conjurations   | 1 |  1.1
Hexes          | 1 |  1.1
Summonings     | 1 |  1.1
Necromancy     | 1 |  1.1
Translocations | 1 |  1.1
Transmutations | 1 |  1.1
Fire Magic     | 1 |  1.1
Ice Magic      | 1 |  1.1
Air Magic      | 1 |  1.1
Earth Magic    | 1 |  1.1
Poison Magic   | 1 |  1.1
Fighting       | |  6.7
Axes           | |  4.7
Armour         | |  4.7
Dodging        | |  2.9
Invocations    | |  4.8

Action                   |  1- 3 |  4- 6 || total
-------------------------+-------+-------++-------
Melee: Hand axe          |    82 |   100 ||   182
       Bite              |     4 |     8 ||    12
Invok: Depart the Abyss  |     1 |       ||     1
  Use: Scroll            |     4 |     2 ||     6
       Potion            |       |     3 ||     3
 Stab: Invisible         |       |     1 ||     1
Armor: Leather armour    |     9 |       ||     9
       Scale mail        |    27 |    65 ||    92
Dodge: Dodged            |    48 |    46 ||    94
Block: Kite shield       |    30 |    63 ||    93

Table legend: (Time is in decaauts)
 A = Elapsed time spent in this place.
 B = Non-inter-level travel time spent in this place.
 C = Inter-level travel time spent in this place.
 D = Time resting spent in this place.
 E = Time spent auto-exploring this place.
 F = Levels seen in this place.
 G = Mean time per level.
                   A        B        C        D        E       F      G
               +--------+--------+--------+--------+--------+-----+--------+
         Total |   2081 |   2078 |      3 |    359 |   1121 |   4 |  520.2 |
       Dungeon |   2013 |   2010 |      3 |    359 |   1076 |   3 |  671.0 |
         Abyss |     68 |     68 |      0 |      0 |     45 |   1 |   68.0 |
               +--------+--------+--------+--------+--------+-----+--------+

Top non-repeatable levels by time:
     D:2: 1077 daAuts
     D:1: 875 daAuts
 Abyss:1: 68 daAuts
     D:3: 60 daAuts
